 Dungeon Crawl Stone Soup version 0.29.0-11-gd7f09526c8 (webtiles) character file.

Game seed: 13852592267018814766

14025 rogsnak the Destroyer (level 12, -13/81 HPs)
             Began as a Barachi Air Elementalist on Sept 5, 2022.
             Was a Believer of Sif Muna.
             Mangled by a dire elephant simulacrum (26 damage)
             ... in an ice cave.
             The game lasted 00:56:37 (16619 turns).

rogsnak the Destroyer (Barachi Air Elementalist)   Turns: 16619, Time: 00:56:38

Health: -13/81     AC:  8    Str:  9    XL:     12   Next: 12%
Magic:  0/26       EV: 14    Int: 34    God:    Sif Muna [**....]
Gold:   642        SH:  0    Dex: 13    Spells: 17/32 levels left

rFire   . . .      SeeInvis .   H - +2 hand axe "Mumi" {holy, *Noise Int+7}
rCold   . . .      Faith    .   (no shield)
rNeg    . . .      Spirit   .   T - +0 troll leather armour
rPois   .          Reflect  .   E - +0 helmet
rElec   .          Harm     .   D - +0 cloak
rCorr   .          Rampage  .   U - +0 pair of gloves
Will    .....                   u - +0 pair of boots
Stlth   ++........              (no amulet)
HPRegen 1.03/turn               j - +6 ring of intelligence
MPRegen 0.20/turn               G - +4 ring of evasion

@: constricted, slow
A: amphibious, slowness 1, strong legs 1, +LOS
a: Hop, Renounce Religion, Channel Magic


You were in an ice cave.
You worshipped Sif Muna.
Sif Muna was pleased with you.
You visited 2 branches of the dungeon, and saw 14 of its levels.
You also visited: Ice Cave.

You collected 642 gold pieces.

Inventory:

Hand Weapons
 p - a +2 dagger of venom
 B - a +3 flail of protection
 H - the +2 hand axe "Mumi" (weapon) {holy, *Noise Int+7}
   (You took it off an orc on level 6 of the Dungeon)

   It has been blessed by the Shining One to cause great damage to the undead
   and demons.
   Int:       It affects your intelligence (+7).
   *Noise:    It may make noises in combat.
 K - a +2 dagger of pain
 M - a +0 morningstar of pain
Missiles
 r - 6 silver boomerangs
 A - 10 poisoned darts
 J - 3 throwing nets
Armour
 u - a +0 pair of boots (worn)
 D - a +0 cloak (worn)
 E - a +0 helmet (worn)
 N - +0 steam dragon scales
 T - a +0 troll leather armour (worn)
 U - a +0 pair of gloves (worn)
Jewellery
 j - a +6 ring of intelligence (left hand)
 G - a +4 ring of evasion (right hand)
Wands
 s - a wand of flame (25)
 w - a wand of mindburst (17)
 O - a wand of paralysis (16)
Scrolls
 a - 2 scrolls of enchant armour
 d - 6 scrolls of poison
 f - 3 scrolls of immolation
 h - a scroll of silence
 n - 2 scrolls of brand weapon
 q - 2 scrolls of summoning
 t - 7 scrolls of magic mapping {unknown}
 v - 7 scrolls of teleportation {unknown}
 y - 3 scrolls of butterflies
 I - 3 scrolls of fear
 L - 2 scrolls of amnesia
 R - a scroll of blinking
 S - a scroll of torment
Potions
 b - 2 potions of magic
 c - a potion of lignification
 e - 8 potions of curing {unknown}
 k - 3 potions of flight {unknown}
 o - 5 potions of degeneration {unknown}
 x - a potion of heal wounds
 z - 2 potions of brilliance
 F - 3 potions of might
 P - a potion of invisibility


   Skills:
 + Level 3.1 Fighting
 - Level 2.5 Axes
 + Level 0.6 Armour
 + Level 4.7 Dodging
 - Level 2.0 Stealth
 + Level 10.8 Spellcasting
 * Level 12.2 Conjurations
 + Level 3.2 Fire Magic
 + Level 11.2 Air Magic
 + Level 0.3 Evocations


You had 17 spell levels left.
You knew the following spells:

 Your Spells              Type           Power      Damage    Failure   Level
a - Shock                 Conj/Air       100%       1d9       1%          1
b - Mephitic Cloud        Conj/Pois/Air  64%        N/A       1%          3
c - Airstrike             Air            38%        2d(6-22)  1%          4
d - Swiftness             Air            76%        N/A       1%          3
e - Sticky Flame          Conj/Fire      63%        2d8       1%          4

Your spell library contained the following spells:

 Spells                   Type           Power      Damage    Failure   Level
 Magic Dart               Conj           100%       1d8       1%          1
 Searing Ray              Conj           100%       2d8       1%          2
 Static Discharge         Conj/Air       78%        3-13/arc  1%          2
 Stone Arrow              Conj/Erth      100%       3d13      1%          3
 Lightning Bolt           Conj/Air       39%        1d57      1%          5
 Fulminant Prism          Conj/Hex       28%        3d14      2%          4
 Sandblast                Erth           36%        2d10      3%          1
 Slow                     Hex            72%        N/A       3%          1
 Summon Lightning Spire   Summ/Air       54%        N/A       3%          4
 Call Imp                 Summ           18%        N/A       4%          2
 Passwall                 Tmut/Erth      15%        N/A       4%          2
 Silence                  Hex/Air        27%        N/A       9%          5
 Confusing Touch          Hex            18%        N/A       10%         3
 Vampiric Draining        Necr           18%        2d7       10%         3
 Dispel Undead            Necr           18%        3d11      32%         4
 Passage of Golubria      Tloc           18%        N/A       32%         4
 Lehudib's Crystal Spear  Conj/Erth      28%        10d7      100%        8


Dungeon Overview and Level Annotations

Branches:
Dungeon (13/15)            Temple (1/1) D:7            Lair (0/5) D:8
    Orc (0/2) D:10          IceCv (1/1)
 Vaults: D:13-14

Altars:
Ashenzari
Cheibriados
Dithmenos
Gozag
Hepliaklqana
Kikubaaqudgha
Makhleb
Nemelex Xobeh
Okawaru
Sif Muna
Trog
Uskayaw
Xom
The Shining One

Shops:
D:2 *   D:5 *   D:7 *

Annotations:
D:12 3 runed translucent doors, MisterHat's ghost, journeyman TrFi


Innate Abilities, Weirdness & Mutations

You are amphibious.
You cover ground slowly.
You can hop short distances.
You have an extended range of vision and can be seen from far away.


Message History

Unknown command.
Casting: Sticky Flame (mildly dangerous; 1% risk of failure)
Confirm with . or Enter, or press ? or * to list all spells.
Aiming: Sticky Flame (mildly dangerous; 1% risk of failure)
Press: ? - help, Shift-Dir - straight line, f - anaconda simulacrum
Aim: an anaconda simulacrum (100% to hit)
Okay, then.
The anaconda simulacrum grabs you. The anaconda simulacrum bites you!
The anaconda simulacrum freezes you! The anaconda simulacrum constricts you.
Casting: Sticky Flame (mildly dangerous; 1% risk of failure)
Confirm with . or Enter, or press ? or * to list all spells.
Aiming: Sticky Flame (mildly dangerous; 1% risk of failure)
Press: ? - help, Shift-Dir - straight line, f - anaconda simulacrum
Aim: an anaconda simulacrum (constricting you, 100% to hit)
The sticky flame hits the anaconda simulacrum.
The anaconda simulacrum melts!
The anaconda simulacrum is lightly damaged.
The anaconda simulacrum is covered in liquid flames!
The anaconda simulacrum burns!
The anaconda simulacrum completely misses you.
The anaconda simulacrum constricts you.
The anaconda simulacrum bites you but does no damage.
The anaconda simulacrum constricts you.
Unknown command.
Casting: Sticky Flame (mildly dangerous; 1% risk of failure)
Confirm with . or Enter, or press ? or * to list all spells.
Aiming: Sticky Flame (mildly dangerous; 1% risk of failure)
Press: ? - help, Shift-Dir - straight line, f - dire elephant simulacrum, p - anaconda simulacrum
Aim: a dire elephant simulacrum (lightly damaged, 100% to hit)
The sticky flame hits the dire elephant simulacrum.
The dire elephant simulacrum melts!
The dire elephant simulacrum is lightly damaged.
The dire elephant simulacrum is covered in liquid flames!
The dire elephant simulacrum burns!
The anaconda simulacrum burns!
The anaconda simulacrum bites you! The anaconda simulacrum freezes you!!
* * * LOW HITPOINT WARNING * * *
The anaconda simulacrum constricts you.
* * * LOW HITPOINT WARNING * * *
The dire elephant simulacrum tramples you!!
You die...

########
##Z@..#.##
#.Z#.....####
#..####..##∩..##
#.. #..####..∩#
#.. ##..# #....#
.⌠. #...####...#
...#
##...####..##
###.
###...##...# .#
##...##..#


You could see an anaconda simulacrum (burning) and a dire elephant simulacrum
(burning).

Vanquished Creatures
  A centaur warrior (D:11)
  2 two-headed ogres
  A deep elf pyromancer (D:12)
  A cyclops (D:11)
  2 manticores (D:12)
  A komodo dragon (D:8)
  Psyche (D:8)
  Maggie (D:8)
  4 trolls
  A slime creature (D:13)
  A hornet (D:7)
  Prince Ribbit (D:9)
  3 basilisks
  13 yaks
  A wraith (D:12)
  A wyvern (D:8)
  2 steam dragons (D:8)
  Grum (D:8)
  A death yak simulacrum (IceCv)
  Menkaure (D:4)
  A harpy simulacrum (IceCv)
  Edmund (D:4)
  An acid dragon (D:11)
  2 water moccasins (D:7)
  A swamp drake (D:8)
  6 orc warriors
  2 sky beasts
  2 ice beasts
  2 wolves (D:8)
  An ogre (D:5)
  2 phantoms
  6 centaurs
  5 bullfrogs
  A gnoll sergeant (D:10)
  3 scorpions
  10 wights
  An elephant simulacrum (IceCv)
  4 killer bees
  2 howler monkeys (D:9)
  9 hounds
  10 orc priests
  Crazy Yiuf (D:4)
  3 gnoll boudas
  An iguana (D:7)
  10 orc wizards
  Ijyb (D:3)
  A troll simulacrum (IceCv)
  A mummy (D:10)
  21 gnolls
  6 adders
  2 naga simulacra (IceCv)
  2 shadow imps
  3 white imps
  2 ufetubi
  A worm (D:2)
  The ghost of gdog the Covert, a weakling GnDe (D:4)
  4 dart slugs
  33 orcs
  5 bats
  5 endoplasms
  6 giant cockroaches
  5 goblins
  8 hobgoblins
  8 jackals
  4 kobolds
  3 quokkas
  6 ball pythons
  4 frilled lizards
  7 rats
266 creatures vanquished.

Vanquished Creatures (others)
  A fungus (D:4)
1 creature vanquished.

Grand Total: 267 creatures vanquished

Notes
Turn   | Place    | Note
-------+----------+-------------------------------------------
     0 | D:1      | rogsnak the Barachi Air Elementalist began the quest for
                  | the Orb.
     0 | D:1      | Reached XP level 1. HP: 13/13 MP: 3/3
    32 | D:1      | You fall into a shaft and drop 1 floor!
   334 | D:1      | Reached XP level 2. HP: 19/19 MP: 1/5
   564 | D:1      | Reached skill level 2 in Conjurations
   660 | D:1      | Reached XP level 3. HP: 24/24 MP: 3/6
   717 | D:1      | Learned a level 3 spell: Mephitic Cloud
  1194 | D:1      | Found a faded altar of an unknown god.
  1998 | D:2      | Reached XP level 4. HP: 30/30 MP: 6/8
  2059 | D:2      | Found Tiupem's Assorted Antiques.
  2866 | D:3      | Noticed Ijyb
  3138 | D:3      | Found a hide-covered altar of Uskayaw.
  3138 | D:3      | Found a sparkling altar of Nemelex Xobeh.
  3203 | D:3      | Killed Ijyb
  3204 | D:3      | Reached skill level 3 in Conjurations
  3580 | D:4      | Reached XP level 5. HP: 32/35 MP: 7/9
  3618 | D:4      | Learned a level 4 spell: Airstrike
  3671 | D:4      | Found a shadowy altar of Dithmenos.
  4172 | D:4      | Noticed Edmund
  4197 | D:4      | Killed Edmund
  4198 | D:4      | Reached skill level 4 in Conjurations
  4198 | D:4      | Reached XP level 6. HP: 23/42 MP: 1/11
  4445 | D:4      | Found a runed translucent door.
  4447 | D:4      | Noticed gdog's ghost (weakling GnDe)
  4453 | D:4      | Killed gdog's ghost
  4622 | D:4      | Noticed Menkaure
  4638 | D:4      | Killed Menkaure
  4639 | D:4      | Reached skill level 1 in Fighting
  4800 | D:4      | Found a runed translucent door.
  4801 | D:4      | Noticed Crazy Yiuf
  4816 | D:4      | Killed Crazy Yiuf
  4817 | D:4      | Reached XP level 7. HP: 28/48 MP: 3/13
  4986 | D:5      | Entered Level 5 of the Dungeon
  5143 | D:5      | Reached skill level 5 in Air Magic
  5357 | D:5      | Reached skill level 5 in Conjurations
  5395 | D:5      | Reached skill level 5 in Spellcasting
  5738 | D:5      | Reached XP level 8. HP: 40/54 MP: 9/15
  5827 | D:5      | Found Kiyloim's Assorted Antiques.
  5846 | D:5      | Reached skill level 6 in Conjurations
  6510 | D:6      | Identified the +2 hand axe "Mumi" {holy, *Noise Int+7}
  6693 | D:6      | Learned a level 3 spell: Swiftness
  6723 | D:6      | Reached skill level 7 in Conjurations
  7235 | D:6      | Reached XP level 9. HP: 55/59 MP: 7/18
  7485 | D:7      | Noticed a hornet
  7693 | D:7      | Learned a level 4 spell: Sticky Flame
  7726 | D:7      | Found Aniheigu's Lightly-Used Armoury.
  7850 | D:7      | Found a staircase to the Ecumenical Temple.
  7857 | Temple   | Entered the Ecumenical Temple
  7940 | Temple   | Became a worshipper of Sif Muna the Loreminder
  8426 | D:7      | Reached skill level 8 in Conjurations
  8690 | D:7      | Killed a hornet
  9452 | D:8      | Noticed Maggie
  9464 | D:8      | Killed Maggie
  9478 | D:8      | HP: 1/59 [centaur (3)]
  9790 | D:8      | Reached skill level 1 in Fire Magic
  9790 | D:8      | Reached XP level 10. HP: 42/66 MP: 6/22
 10069 | D:8      | Reached skill level 9 in Conjurations
 10195 | D:8      | Noticed Psyche
 10211 | D:8      | Killed Psyche
 10211 | D:8      | Reached * piety under Sif Muna
 10263 | D:8      | Noticed Grum
 10354 | D:8      | Killed Grum
 10794 | D:8      | Found a transporter.
 10813 | D:8      | Found a transporter.
 10818 | D:8      | Found a transporter.
 10819 | D:8      | Found a transporter.
 10840 | D:8      | Reached skill level 1 in Axes
 11288 | D:8      | Reached skill level 10 in Conjurations
 11386 | D:8      | Found a staircase to the Lair.
 12063 | D:9      | Reached skill level 10 in Air Magic
 12191 | D:9      | Noticed Prince Ribbit
 12199 | D:9      | Killed Prince Ribbit
 12412 | D:10     | Entered Level 10 of the Dungeon
 12432 | D:10     | Reached XP level 11. HP: 72/73 MP: 1/24
 13383 | D:10     | Found a snail-covered altar of Cheibriados.
 13384 | D:10     | Noticed a two-headed ogre
 13406 | D:10     | Killed a two-headed ogre
 13614 | D:10     | Identified the +1 scale mail of the Pit {Int+2}
 13626 | D:10     | Reached ** piety under Sif Muna
 13704 | D:10     | Found a staircase to the Orcish Mines.
 14383 | D:11     | Noticed a centaur warrior
 14391 | D:11     | Killed a centaur warrior
 14392 | D:11     | Reached skill level 11 in Conjurations
 14650 | D:11     | Reached skill level 10 in Spellcasting
 14693 | D:11     | Noticed a cyclops
 14705 | D:11     | Killed a cyclops
 15063 | D:12     | Noticed a manticore
 15066 | D:12     | Killed a manticore
 15586 | D:12     | Noticed a two-headed ogre
 15658 | D:12     | Killed a two-headed ogre
 15949 | D:12     | Noticed a deep elf pyromancer
 15954 | D:12     | Killed a deep elf pyromancer
 16021 | D:12     | Noticed a manticore
 16044 | D:12     | Killed a manticore
 16045 | D:12     | Reached XP level 12. HP: 81/81 MP: 12/26
 16240 | D:12     | Found a runed translucent gate.
 16240 | D:12     | Found a runed translucent gate.
 16240 | D:12     | Found a runed translucent gate.
 16241 | D:12     | Noticed a merfolk impaler
 16242 | D:12     | Found an iron altar of Okawaru.
 16242 | D:12     | Noticed MisterHat's ghost (journeyman TrFi)
 16242 | D:12     | Noticed a tengu warrior
 16242 | D:12     | Noticed a centaur warrior
 16568 | D:13     | Reached skill level 12 in Conjurations
 16574 | D:13     | Found a frozen archway.
 16579 | IceCv    | Entered an ice cave
 16619 | IceCv    | Mangled by a dire elephant simulacrum

Illustrated notes

Levels and vault maps discovered:
D:1:      dpeg_arrival_three_bigger_balls, layout_basic,
          ebering_ecumenical_altar_webs
D:2:      layout_loops_ring, serial_shops, shop
D:3:      layout_rooms, amethyst_overflow_temple_binary, uniq_ijyb
D:4:      layout_loops_ring, nicolae_dithmenos_through_a_glass_darkly,
          ebering_ghost_reflecting_pool, uniq_edmund, uniq_crazy_yiuf_cottage,
          uniq_menkaure
D:5:      layout_cave_pools, serial_shops, nicolae_shop_advertising_works
          [nicolae_subvault_shop_adworks], kennysheep_generic_room_3
D:6:      layout_rooms, nicolae_sextant
D:7:      layout_loops_ring, minmay_temple_entry_waves, minmay_shop_damaged
D:8:      nicolae_whirlpool, layout_cave_pools, erik_lair_dragon,
          nicolae_diode_intersection, uniq_maggie, uniq_grum, uniq_psyche
D:9:      layout_irregular_city, minmay_holes,
          hangedman_abyss_or_decor_lesser_grid, uniq_prince_ribbit1
D:10:     layout_loops_cross, slow_altar_1, david_orc_4
D:11:     layout_loops_corners
D:12:     layout_small_grid, gammafunk_ghost_fury_of_okawaru
D:13:     layout_roguey, ximxim_vaults_locker_room,
          portal_ice_cave_entry_pillars_2, gauntlet_entry_generic, drop_trap
Temple:   dpeg_five_rooms_temple
IceCv:    ice_cave_caverns_03

Skill      XL: |  1  2  3  4  5  6  7  8  9 10 11 12 |
---------------+-------------------------------------+-----
Stealth        | 2 |  2.0
Conjurations   | 2 3 4 5 7 8 10 11 12 | 12.2
Air Magic      | 4 5 7 8 10 11 | 11.2
Spellcasting   | 3 4 5 6 8 9 10 | 10.8
Dodging        | 3 4 |  4.7
Fighting       | 1 2 3 |  3.1
Fire Magic     | 1 3 |  3.2
Axes           | 1 2 |  2.5
Armour         | |  0.6
Evocations     | |  0.3

Action                   |  1- 3 |  4- 6 |  7- 9 | 10-12 || total
-------------------------+-------+-------+-------+-------++-------
Melee: Unarmed           |     3 |       |       |       ||     3
       Whip              |    28 |       |       |       ||    28
       Punch             |     1 |       |     1 |     3 ||     5
       Dagger            |       |    34 |       |       ||    34
       Quarterstaff      |       |       |    12 |       ||    12
       Hand axe          |       |       |    17 |   101 ||   118
 Cast: Shock             |    69 |    82 |   180 |   136 ||   467
       Mephitic Cloud    |       |     4 |    15 |    34 ||    53
       Airstrike         |       |     2 |    26 |    38 ||    66
       Sticky Flame      |       |       |     7 |    45 ||    52
       Swiftness         |       |       |       |     1 ||     1
 Abil: Hop               |       |     3 |     1 |     2 ||     6
Evoke: Wand              |       |     2 |       |       ||     2
  Use: Scroll            |       |       |       |    17 ||    17
 Stab: Held in net/web   |     1 |       |       |       ||     1
       Sleeping          |       |     3 |       |     1 ||     4
       Confused          |       |       |     5 |     6 ||    11
Armor: Robe              |     4 |     3 |     8 |       ||    15
       Steam dragon scal |       |       |     1 |    31 ||    32
       Troll leather arm |       |       |       |     1 ||     1
Dodge: Dodged            |    31 |    24 |    29 |   119 ||   203
